 Dungeon Crawl Stone Soup version 0.15-a0-970-ga23ad50 (webtiles) character file.

186 Iamburgie the Cudgeler (level 5, -9/32 HPs)
             Began as a Gargoyle Fighter on May 23, 2014.
             Mangled by an ogre
             ... wielding a +0,+0 giant club
              (17 damage)
             ... on Level 4 of the Dungeon.
             The game lasted 00:10:47 (3217 turns).

Iamburgie the Cudgeler (Gargoyle Fighter)           Turns: 3217, Time: 00:10:47

HP  -9/32        AC 10     Str 20      XL: 5   Next: 66%
MP   5/5         EV  9     Int  8      God:
Gold 164         SH  0     Dex 10      Spells:  0 memorised,  4 levels left

rFire  . . .     SeeInvis .     i - +2,+0 whip (flame)
rCold  . . .     Clarity  .     b - +0 scale mail
rNeg   + . .     Conserve .     (no shield)
rPois  +         rCorr    .     (no helmet)
rElec  +         rRot     +     (no cloak)
SustAb .         Spirit   .     (no gloves)
rMut   .         Warding  .     (no boots)
Gourm  .         Stasis   .     (no amulet)
MR     .....                    (no ring)
                                (no ring)

@: not resistant to hostile enchantments, extremely unstealthy
A: life protection 1, electricity resistance, unbreathing, petrification
resistance, AC +4
a: no special abilities


You were on level 4 of the Dungeon.
You were very hungry.

You visited 1 branch of the dungeon, and saw 4 of its levels.

You collected 164 gold pieces.

Inventory:

Hand weapons
 a - a +0,+0 flail
 i - a +2,+0 whip of flaming (weapon)
Armour
 b - a +0 scale mail (worn)
Comestibles
 d - 4 bread rations
 s - a pear
 t - 10 strawberries
Scrolls
 g - 2 scrolls of fog
 j - 2 scrolls of remove curse
 m - a scroll of random uselessness
 o - 9 scrolls of identify
 p - a scroll of amnesia
 q - a scroll of noise {unknown}
 u - 3 scrolls of recharging
Jewellery
 c - a cursed ring of loudness {unknown}
 v - an uncursed ring of fire {unknown}
Potions
 e - 2 potions of might
 f - a potion of haste {unknown}
 h - a potion of agility
 k - a potion of flight
 l - 2 potions of curing {unknown}
 n - 4 potions of poison {unknown}
 r - a potion of brilliance {unknown}


   Skills:
 - Level 3.2 Fighting
 + Level 6.2 Maces & Flails
 - Level 3.2 Armour
   Level 3.2 Shields


You had 4 spell levels left.
You didn't know any spells.

Dungeon Overview and Level Annotations

Branches:
Dungeon (4/15)
 Temple: D:4-7

Altars:


Innate Abilities, Weirdness & Mutations

You are resistant to torment.
You are immune to poison.
You are immune to rotting.
Your stone body is very resilient (AC +4).
You resist negative energy.
You are resistant to electric shocks.
You can survive without breathing.
You are immune to petrification.


Message History

The phantom blinks!
You climb upwards.
The ogre shouts!
There is a stone staircase leading down here.
There is a stone staircase leading down here.
The ogre barely misses you.
You climb downwards.
There is a stone staircase leading up here.
Read which item? (? for menu, Esc to quit)
As you read the scroll of fog, it crumbles to dust.
The scroll dissolves into smoke.
The ogre completely misses you. The ogre hits you with a giant club!
Ouch! That really hurt!
The ogre hits you with a giant club!
* * * LOW HITPOINT WARNING * * *
A giant cockroach comes into view.
Found a stone staircase leading up.
The ogre hits you with a giant club!
Ouch! That really hurt!
You die...

#§§§§.....#
#§§§§.....#
#§§§......# .
#.........# ..###
#.........#
..s.######........##
#<.#.....#.....##
#...O.####.####
###@#.####.#######
#....#............#
#..#########.####.##
.... ##..# ##.
##..## # #..#....#
.. ###.##.####
...####...##.# ###
..............#


You could see an ogre and a giant cockroach.

Vanquished Creatures
  2 iguanas (D:4)
  4 adders
  3 worms (D:2)
  An ooze (D:3)
  2 orcs
  A ball python (D:1)
  11 bats
  5 giant cockroaches
  13 goblins
  6 hobgoblins
  5 jackals (D:3)
  4 giant geckos
  2 giant newts (D:1)
  14 kobolds
  A quokka skeleton (D:4)
  10 rats
  A rat skeleton (D:4)
85 creatures vanquished.

Notes
Turn   | Place    | Note
--------------------------------------------------------------
     0 | D:1      | Iamburgie, the Gargoyle Fighter, began the quest for the Orb.
     0 | D:1      | Reached XP level 1. HP: 14/14 MP: 1/1
    84 | D:1      | Reached XP level 2. HP: 6/19 MP: 2/2
   682 | D:1      | Reached XP level 3. HP: 23/23 MP: 3/3
   904 | D:1      | Reached skill level 4 in Maces & Flails
  1314 | D:2      | Reached XP level 4. HP: 25/28 MP: 4/4
  1684 | D:2      | Reached skill level 5 in Maces & Flails
  1998 | D:3      | Reached XP level 5. HP: 25/32 MP: 5/5
  2357 | D:3      | Noticed an ogre
  2683 | D:4      | Reached skill level 6 in Maces & Flails
  3087 | D:4      | Noticed a phantom
  3217 | D:4      | Mangled by an ogre

Action                   |  1- 3 |  4- 6 || total
-------------------------+-------+-------++-------
Melee: Flail             |    97 |       ||    97
       Whip              |    55 |   186 ||   241
  Use: Scroll            |     5 |     6 ||    11
